 Dungeon Crawl Stone Soup version 0.30.0-10-gfe55d96785 (webtiles) character file.

Game seed: 4670568075833683949

1229 Byczy the Thaumaturge (level 8, -3/42 HPs)
             Began as a Deep Elf Ice Elementalist on May 15, 2023.
             Killed from afar by a white imp (7 damage)
             ... with a puff of frost
             ... on level 5 of the Dungeon.
             The game lasted 00:25:37 (5134 turns).

Byczy the Thaumaturge (Deep Elf Ice Elementalist)   Turns: 5134, Time: 00:25:38

Health: -3/42      AC: 11    Str:  5    XL:     8   Next: 24%
Magic:  15/23      EV: 13    Int: 23    God:
Gold:   136        SH:  0    Dex: 15    Spells: 14/25 levels left

rFire   + . .        e - staff of conjuration "Zezoink" {rElec}
rCold   x . .        (no shield)
rNeg    . . .        a - +1 robe
rPois   .            (no helmet)
rElec   +            (no cloak)
rCorr   .            (no gloves)
SInv    .            (no boots)
Will    .....        l - amulet of the acrobat
Stlth   +++          k - ring of fire
HPRegen 0.27/turn    (no ring)
MPRegen 0.18/turn

%: acrobat
@: ice-armoured
A: no striking features
a: no special abilities


You were on level 5 of the Dungeon.
You visited 1 branch of the dungeon, and saw 5 of its levels.

You collected 136 gold pieces.

Inventory:

Hand Weapons
 c - a +0 hand axe
 o - a +0 dagger of pain
 q - a +3 long sword
 t - a +5 quarterstaff of electrocution
Armour
 a - a +1 robe (worn)
 u - a +0 cloak
Magical Staves
 e - the staff of conjuration "Zezoink" (weapon) {rElec}
   (You found it on level 2 of the Dungeon)

   [staff of conjuration]

   Base accuracy: +5 Base damage: 5 Base attack delay: 1.2 This weapon's minimum
   attack delay (0.6) is reached at skill level 12.
   rElec:     It insulates you from electricity.
   It falls into the 'Staves' category.
   It is a one-handed weapon.
Jewellery
 k - a ring of fire (left hand)
 l - an amulet of the acrobat (around neck)
Wands
 m - a wand of flame (3)
Scrolls
 b - a scroll of blinking
Potions
 d - a potion of mutation
 f - a potion of cancellation
 g - 4 potions of might
 h - a potion of ambrosia
 i - 2 potions of haste
 j - a potion of brilliance {unknown}
 n - a potion of attraction {unknown}


   Skills:
 + Level 0.7 Fighting
 + Level 1.1 Staves
 + Level 3.6 Dodging
 + Level 3.8 Stealth
 + Level 0.2 Unarmed Combat
 + Level 9.1 Spellcasting
 + Level 8.1 Ice Magic


You had 14 spell levels left.
You knew the following spells:

 Your Spells              Type           Power      Damage    Failure   Level
a - Freeze                Ice            100%       1d10      1%          1
b - Frozen Ramparts       Ice            96%        1d15      1%          3
c - Ozocubu's Armour      Ice            48%        N/A       1%          3
d - Summon Ice Beast      Ice/Summ       29%        N/A       12%         4

Your spell library contained the following spells:

 Spells                   Type           Power      Damage    Failure   Level
 Portal Projectile        Hex/Tloc       20%        N/A       19%         3
 Tukima's Dance           Hex            10%        N/A       19%         3
 Blade Hands              Tmut           5%         N/A       86%         5


Dungeon Overview and Level Annotations

Branches:
Dungeon (5/15)
 Temple: D:4-7

Altars:
Elyvilon


Message History

You hit the white imp but do no damage.
The white imp is lightly wounded.
The white imp gestures at you. The puff of frost hits you!
You feel a terrible chill!
* * * LOW HITPOINT WARNING * * *
You hit the white imp but do no damage.
The white imp is lightly wounded.
The white imp closely misses you.
You hit the white imp.
The white imp is moderately wounded.
The white imp barely misses you.
You hit the white imp but do no damage.
The white imp is moderately wounded.
The frozen ramparts melt away.
The white imp closely misses you.
The white imp disappears for a moment.
The white imp gestures at you. The puff of frost misses you.
You hit the white imp but do no damage.
The white imp is lightly wounded.
The white imp closely misses you.
You hit the white imp.
The white imp is moderately wounded.
The white imp hits you but does no damage.
You hit the white imp but do no damage.
The white imp is moderately wounded.
The white imp completely misses you.
You hit the white imp but do no damage.
The white imp is moderately wounded.
The white imp gestures at you. The puff of frost hits you!
You feel a terrible chill!
* * * LOW HITPOINT WARNING * * *
You hit the white imp but do no damage.
The white imp is moderately wounded.
The white imp hits you but does no damage.
You hit the white imp.
The white imp is moderately wounded.
The white imp shouts, "Slither hence, thou delicate clay-brained tinkerer!"
The white imp gestures at you. The puff of frost hits you!
You feel a terrible chill!
You die...

####
###..#
#....##
#....<#
#..>..##
##.....#
#..5@.#
##..?##
#####


You could see a white imp.

Vanquished Creatures
  The ghost of dogaso222 the Spear-Bearer, an amateur MfRe of Elyvilon (D:4)
  Sigmund (D:4)
  Edmund (D:4)
  Menkaure (D:4)
  Duvessa (D:4)
  An ogre (D:4)
  A phantom (D:4)
  Dowan (D:4)
  A jelly (D:4)
  Crazy Yiuf (D:3)
  A sleepcap (D:4)
  4 orc wizards
  4 gnolls (D:3)
  3 adders
  An ufetubus (D:3)
  3 dart slugs
  8 orcs
  8 endoplasms
  3 giant cockroaches
  6 goblins
  8 hobgoblins
  8 kobolds
  A quokka (D:1)
  3 ball pythons
  4 bats
  5 frilled lizards
  7 rats
87 creatures vanquished.

Notes
Turn   | Place    | Note
-------+----------+-------------------------------------------
     0 | D:1      | Byczy the Deep Elf Ice Elementalist began the quest for the
                  | Orb.
     0 | D:1      | Reached XP level 1. HP: 10/10 MP: 6/6
     3 | D:1      | Noticed an electric eel
    60 | D:1      | Noticed an electric eel
   193 | D:1      | Reached XP level 2. HP: 12/15 MP: 6/8
   314 | D:1      | Reached skill level 5 in Ice Magic
   629 | D:1      | Reached XP level 3. HP: 19/19 MP: 5/9
   884 | D:2      | Identified the staff of conjuration "Zezoink" {rElec}
  1000 | D:2      | Learned a level 3 spell: Frozen Ramparts
  1004 | D:2      | Learned a level 3 spell: Ozocubu's Armour
  2101 | D:3      | Reached skill level 4 in Spellcasting
  2101 | D:3      | Reached XP level 4. HP: 24/24 MP: 2/12
  2408 | D:3      | Found a white marble altar of Elyvilon.
  2609 | D:3      | Found a runed translucent door.
  2610 | D:3      | Noticed Crazy Yiuf
  2947 | D:3      | Reached XP level 5. HP: 28/28 MP: 11/14
  3472 | D:3      | Killed Crazy Yiuf
  3615 | D:4      | Noticed Duvessa
  3615 | D:4      | Noticed an ogre
  3874 | D:4      | Noticed a phantom
  3894 | D:4      | Reached skill level 5 in Spellcasting
  3904 | D:4      | HP: 1/28 [phantom (1)]
  3916 | D:4      | Killed a phantom
  3917 | D:4      | Reached XP level 6. HP: 4/32 MP: 0/16
  4101 | D:4      | Learned a level 4 spell: Summon Ice Beast
  4139 | D:4      | Reached skill level 6 in Spellcasting
  4377 | D:4      | Noticed Dowan
  4379 | D:4      | Noticed Menkaure
  4390 | D:4      | Killed Dowan
  4391 | D:4      | Reached skill level 7 in Spellcasting
  4391 | D:4      | Reached XP level 7. HP: 26/37 MP: 8/19
  4391 | D:4      | Killed Duvessa
  4398 | D:4      | Killed Menkaure
  4575 | D:4      | Found a runed translucent door.
  4694 | D:4      | Noticed dogaso222's ghost (amateur MfRe)
  4734 | D:4      | Noticed Edmund
  4743 | D:4      | Killed Edmund
  4744 | D:4      | Reached skill level 8 in Spellcasting
  4812 | D:4      | Noticed Sigmund
  4818 | D:4      | Killed Sigmund
  4819 | D:4      | Reached XP level 8. HP: 42/42 MP: 15/22
  5007 | D:4      | Killed dogaso222's ghost
  5008 | D:4      | Reached skill level 1 in Staves
  5008 | D:4      | Reached skill level 9 in Spellcasting
  5102 | D:5      | Entered Level 5 of the Dungeon
  5134 | D:5      | Killed from afar by a white imp

Illustrated notes

Levels and vault maps discovered:
D:1:      arrival_aquarium_b, layout_rooms, chequers_serial_rivers_micro_d,
          minmay_pentomino_t2
D:2:      layout_loops_ring
D:3:      layout_basic, elyvilon_altar_5, uniq_crazy_yiuf_cottage
D:4:      layout_rooms, gammafunk_ghost_grave, sigmund_edmund_badplayer,
          uniq_duvessa, uniq_menkaure
D:5:      due_chaos_kobolds, layout_cave_pools, nicolae_ru_the_path_less_chosen,
          old_standard_altar, mainiacjoe_overflow_alcove_2,
          minmay_misc_feat_diagonals, kennysheep_cross_room,
          minmay_misc_feat_roman, uniq_blork_the_orc

Skill      XL: |  1  2  3  4  5  6  7  8 |
---------------+-------------------------+-----
Ice Magic      | 5 6 7 8 |  8.1
Spellcasting   | 4 5 7 8 9 |  9.1
Stealth        | 3 |  3.8
Dodging        | 3 |  3.6
Staves         | 1 |  1.1
Fighting       | |  0.7
Unarmed Combat | |  0.2

Action                     |  1- 3 |  4- 6 |  7- 9 || total
---------------------------+-------+-------+-------++-------
  Melee: Unarmed           |    11 |       |       ||    11
         Staff             |     2 |    21 |    24 ||    47
         Punch             |       |     1 |     1 ||     2
   Cast: Freeze            |    65 |    60 |    14 ||   139
         Ozocubu's Armour  |     3 |    10 |     5 ||    18
         Frozen Ramparts   |       |    11 |     6 ||    17
         Summon Ice Beast  |       |       |     1 ||     1
    Use: Scroll            |     3 |     3 |     6 ||    12
         Potion            |       |     5 |     2 ||     7
 Armour: Robe              |     8 |    22 |    13 ||    43
  Dodge: Dodged            |    48 |    86 |    25 ||   159
